 Dungeon Crawl Stone Soup version 0.30.0 (webtiles) character file.

Game seed: 4418763169246318826

47772975 PurpleRed the Archmage (level 27, 199/199 HPs)
             Began as a Deep Elf Reaver on Aug 13, 2023.
             Was the Champion of Vehumet.
             Escaped with the Orb
             ... and 15 runes on Aug 15, 2023!
             The game lasted 07:35:14 (30468 turns).

PurpleRed the Archmage (Deep Elf Reaver)           Turns: 30468, Time: 07:35:15

Health: 199/199    AC: 24    Str: 16    XL:     27
Magic:  56/56      EV: 23    Int: 46    God:    Vehumet [******]
Gold:   4667       SH:  0    Dex: 16    Spells: 2/80 levels left

rFire   + . .        a - staff of conjuration "Gehiy" {Will+}
rCold   + . .        s - orb {*channel}
rNeg    . . .        y - +4 troll leather armour
rPois   +            O - +2 helmet {Int+3}
rElec   +            T - +2 cloak of Disappointment {Contam +Inv Str+3 Int+2}
rCorr   .            G - +2 pair of gloves {Stlth+}
SInv    +            V - +1 pair of boots of Damp Happiness {Int+4 Dex+3}
Will    ++++.        Y - amulet of magic regeneration
Stlth   +++          c - ring "Oruhe" {Will+ Str+6 Int+4 SInv}
HPRegen 1.33/turn    Z - ring of the Assorted Knaves {rElec rPois rF+ rC+}
MPRegen 0.75/turn

%: clarity, channel magic (20%)
@: studying 5 skills
A: clarity, weak 1
0: Orb of Zot
}: 15/15 runes: decaying, slimy, silver, golden, iron, obsidian, icy, bone,
abyssal, demonic, glowing, magical, fiery, dark, gossamer
a: Renounce Religion, Evoke Invisibility


You escaped.
You worshipped Vehumet.
Vehumet was exalted by your worship.
You visited 18 branches of the dungeon, and saw 88 of its levels.
You visited Pandemonium 2 times, and saw 20 of its levels.
You visited the Abyss 1 time.
You visited 2 ziggurats, and saw 21 of their levels (deepest: 20).
You also visited: Ice Cave.

You collected 8466 gold pieces.
You spent 3799 gold pieces at shops.

Inventory:

Hand Weapons
 b - the +5 flail of Incongruity {heavy, *Noise rPois SInv}
   (You found it on level 4 of a ziggurat)

   rPois:     It protects you from poison.
   SInv:      It lets you see invisible.
   *Noise:    It may make noises in combat.
 d - the +8 arc blade {discharge, rElec}
   (You found it on level 5 of the Pits of Slime)

   rElec:     It insulates you from electricity.
Missiles
 l - 20 curare-tipped darts
Armour
 f - a +2 cloak of cold resistance
 p - the +3 pair of mountain boots {steadfast, rC+}
   (You found it on level 17 of a ziggurat)

   Steadfast: It prevents involuntary movement, except for blinking,
   teleportation, or banishment.
   rC:        It protects you from cold.
 q - the +3 warlock's mirror {omnireflect}
   (You bought it in a shop on level 9 of the Dungeon)

   Omnireflect: It can block and reflect piercing ranged attacks and magical
   attacks against the wielder's willpower.
 r - the +3 leather armour of the Postmodern Wars {rF+++ Str+3 Int+3 Stlth-}
   (You found it in Pandemonium)

   Str:       It affects your strength (+3).
   Int:       It affects your intelligence (+3).
   rF:        It renders you almost immune to fire.
   Stlth:     It makes you less stealthy.
 s - an orb of energy (worn)
 y - a +4 troll leather armour (worn)
 G - a +2 pair of gloves of stealth (worn)
 I - the +3 cloak of Riogolik {rN+ rCorr}
   (You found it on level 12 of a ziggurat)

   rN:        It protects you from negative energy.
   rCorr:     It protects you from acid and corrosion.
 O - a +2 helmet of intelligence (worn)
 T - the +2 cloak of Disappointment (worn) {Contam +Inv Str+3 Int+2}
   (You found it on level 2 of the Vaults)

   Str:       It affects your strength (+3).
   Int:       It affects your intelligence (+2).
   +Inv:      It lets you turn invisible.
   Contam:    It causes magical contamination when unequipped.
 U - the +0 buckler of the Forsaken Xenops {rCorr Int+3}
   (You found it on level 5 of the Vaults)

   Int:       It affects your intelligence (+3).
   rCorr:     It protects you from acid and corrosion.
 V - the +1 pair of boots of Damp Happiness (worn) {Int+4 Dex+3}
   (You found it on level 5 of the Vaults)

   Int:       It affects your intelligence (+4).
   Dex:       It affects your dexterity (+3).
Magical Staves
 a - the staff of conjuration "Gehiy" (weapon) {Will+}
   (You found it on level 14 of a ziggurat)

   [staff of conjuration]

   Base accuracy: +5 Base damage: 5 Base attack delay: 1.2 This weapon's minimum
   attack delay (0.6) is reached at skill level 12.
   Will:      It increases your willpower.
   It falls into the 'Staves' category.
   It is a one-handed weapon.
 n - the staff of conjuration "Dithrocw" {rC+ Str+3 Dex+2}
   (You found it on level 16 of a ziggurat)

   [staff of conjuration]

   Base accuracy: +5 Base damage: 5 Base attack delay: 1.2 This weapon's minimum
   attack delay (0.6) is reached at skill level 12.
   Str:       It affects your strength (+3).
   Dex:       It affects your dexterity (+2).
   rC:        It protects you from cold.
   It falls into the 'Staves' category.
   It is a one-handed weapon.
Jewellery
 c - the ring "Oruhe" (left hand) {Will+ Str+6 Int+4 SInv}
   (You bought it in a shop on level 2 of the Orcish Mines)

   [ring of strength]

   Str:       It affects your strength (+6).
   Int:       It affects your intelligence (+4).
   SInv:      It lets you see invisible.
   Will:      It increases your willpower.
 e - the ring of the Hare {EV+10}
   (You found it on level 15 of a ziggurat)

   [ring of evasion]

   EV:        It affects your evasion (+10).
 k - the ring "Ekluodd" {rF+ rN+ Dex+3}
   (You took it off Antaeus on level 7 of Cocytus)

   [ring of protection from fire]

   Dex:       It affects your dexterity (+3).
   rF:        It protects you from fire.
   rN:        It protects you from negative energy.
 t - a ring of flight
 w - the amulet "Diul" {RegenMP rPois Str+3}
   (You found it on level 2 of the Crypt)

   [amulet of magic regeneration]

   It increases your rate of magic regeneration.
   Str:       It affects your strength (+3).
   rPois:     It protects you from poison.
 H - the amulet of the Endless Expanse {rElec Regen+ Str+3}
   (You found it on level 14 of a ziggurat)

   [amulet of regeneration]

   Str:       It affects your strength (+3).
   rElec:     It insulates you from electricity.
   Regen:     It increases your rate of health regeneration.
 N - the ring of the Mage {Wiz Archmagi}
   (You found it on level 11 of a ziggurat)

   [ring of wizardry]

   It improves your spell success rate.
   Archmagi:  It increases the power of your magical spells.
 Q - the ring of Traps {Wiz Str+6 Dex+3}
   (You found it on level 15 of a ziggurat)

   [ring of wizardry]

   It improves your spell success rate.
   Str:       It affects your strength (+6).
   Dex:       It affects your dexterity (+3).
 W - the ring "Hihymaacs" {rC+ AC+4 Int-3 Stlth+}
   (You found it on level 9 of a ziggurat)

   [ring of protection]

   AC:        It affects your AC (+4).
   Int:       It affects your intelligence (-3).
   rC:        It protects you from cold.
   Stlth:     It makes you more stealthy.
 X - the ring "Rimm" {Int+6 SInv}
   (You found it on level 5 of the Pits of Slime)

   [ring of intelligence]

   Int:       It affects your intelligence (+6).
   SInv:      It lets you see invisible.
 Y - an amulet of magic regeneration (around neck)
 Z - the ring of the Assorted Knaves (right hand) {rElec rPois rF+ rC+}
   (You found it in an ice cave)

   [ring of protection from cold]

   rF:        It protects you from fire.
   rC:        It protects you from cold.
   rElec:     It insulates you from electricity.
   rPois:     It protects you from poison.
Wands
 g - a wand of digging (47)
 v - a wand of quicksilver (41)
 R - a wand of iceblast (53)
Scrolls
 j - a scroll of blinking
 z - 6 scrolls of fear
 A - 4 scrolls of summoning
 K - 10 scrolls of enchant armour
 L - 11 scrolls of fog
 M - 25 scrolls of teleportation
 S - a scroll of amnesia
Potions
 h - 6 potions of curing
 i - 2 potions of magic
 m - 10 potions of cancellation
 u - 12 potions of ambrosia
 x - a potion of invisibility
 B - 5 potions of might
 C - 4 potions of flight
 D - 2 potions of resistance
 E - a potion of heal wounds
 F - a potion of haste
 P - 7 potions of mutation


   Skills:
 O Level 27 Fighting
 - Level 8.0 Short Blades
 + Level 14.1 Armour
 + Level 20.3 Dodging
 - Level 20.0 Stealth
 - Level 12.0 Shields
 O Level 27 Spellcasting
 + Level 25.5 Conjurations
 - Level 3.0 Hexes
 - Level 18.0 Necromancy
 - Level 3.0 Translocations
 - Level 12.0 Transmutations
 - Level 22.0 Fire Magic
 - Level 18.0 Air Magic
 O Level 27 Earth Magic


You had 2 spell levels left.
You knew the following spells:

 Your Spells              Type           Power      Damage    Failure   Level
a - Chain Lightning       Conj/Air       78%        3d104     3%          9
b - Ignition              Fire           66%        3d18      1%          8
c - Shatter               Erth           71%        3d52*     1%          9
d - Iskenderun's Mystic   Conj/Tloc      100%       2d19      1%          4
e - Fire Storm            Conj/Fire      80%        8d20      1%          9
f - Plasma Beam           Fire/Air       64%        2x1d87    1%          6
g - Iron Shot             Conj/Erth      83%        9d15      1%          6
h - Freezing Cloud        Conj/Ice/Air   69%        6-21      1%          5
j - Fulminant Prism       Conj/Hex       69%        3d28      1%          4
n - Necromutation         Tmut/Necr      58%        N/A       11%         8
q - Lehudib's Crystal Sp  Conj/Erth      83%        10d18     1%          8
x - Sublimation of Blood  Necr           100%       N/A       1%          2

Your spell library contained the following spells:

 Spells                   Type           Power      Damage    Failure   Level
 Beastly Appendage        Tmut           100%       N/A       1%          1
 Freeze                   Ice            100%       1d10      1%          1
 Kiss of Death            Conj/Necr      100%       2d13      1%          1
 Magic Dart               Conj           100%       1d8       1%          1
 Sandblast                Erth           100%       2d20      1%          1
 Shock                    Conj/Air       100%       1d9       1%          1
 Slow                     Hex            100%       N/A       1%          1
 Sting                    Tmut/Pois      100%       1d8       1%          1
 Lesser Beckoning         Tloc           100%       N/A       1%          2
 Momentum Strike          Conj/Tloc      100%       3d10      1%          2
 Passwall                 Tmut/Erth      100%       N/A       1%          2
 Poisonous Vapours        Pois/Air       100%       N/A       1%          2
 Scorch                   Fire           100%       2d9       1%          2
 Searing Ray              Conj           100%       2d8       1%          2
 Static Discharge         Conj/Air       100%       2-7/arc   1%          2
 Wereblood                Tmut           100%       N/A       1%          2
 Summon Small Mammal      Summ           100%       N/A       2%          1
 Call Imp                 Summ           100%       N/A       3%          2
 Dazzling Flash           Conj/Hex       100%       N/A       1%          3
 Frozen Ramparts          Ice            100%       1d16      1%          3
 Hailstorm                Conj/Ice       100%       3d20      1%          3
 Ignite Poison            Fire/Tmut/Pois 100%       N/A       1%          3
 Inner Flame              Hex/Fire       100%       N/A       1%          3
 Mephitic Cloud           Conj/Pois/Air  100%       N/A       1%          3
 Spider Form              Tmut/Pois      87%        N/A       1%          3
 Stone Arrow              Conj/Erth      100%       3d13      1%          3
 Swiftness                Air            100%       N/A       1%          3
 Vampiric Draining        Necr           100%       2d13      1%          3
 Vhi's Electric Charge    Tloc/Air       100%       N/A       1%          3
 Volatile Blastmotes      Fire/Tloc      100%       2d18      1%          3
 Airstrike                Air            61%        2d(9-25)  1%          4
 Anguish                  Hex/Necr       51%        N/A       1%          4
 Animate Armour           Summ/Erth      100%       N/A       1%          4
 Animate Dead             Necr           100%       N/A       1%          4
 Dispel Undead            Necr           100%       3d31      1%          4
 Flame Wave               Conj/Fire      100%       2d21      1%          4
 Leda's Liquefaction      Hex/Erth       58%        N/A       1%          4
 Petrify                  Tmut/Erth      100%       N/A       1%          4
 Sticky Flame             Conj/Fire      100%       2d11      1%          4
 Summon Lightning Spire   Summ/Air       98%        N/A       1%          4
 Agony                    Necr           100%       N/A       1%          5
 Arcjolt                  Conj/Air       78%        1d88      1%          5
 Blade Hands              Tmut           53%        N/A       1%          5
 Borgnjor's Vile Clutch   Necr/Erth      66%        N/A       1%          5
 Fireball                 Conj/Fire      80%        3d30      1%          5
 Irradiate                Conj/Tmut      75%        3d36      1%          5
 Iskenderun's Battlesphe  Conj           100%       2d15      1%          5
 Lee's Rapid Deconstruct  Erth           71%        3d32*     1%          5
 Silence                  Hex/Air        51%        N/A       1%          5
 Yara's Violent Unravell  Hex/Tmut       46%        3d18      1%          5
 Conjure Ball Lightning   Conj/Air       78%        3x3d30    1%          6
 Death Channel            Necr           61%        N/A       1%          6
 Starburst                Conj/Fire      80%        6d20      1%          6
 Statue Form              Tmut/Erth      84%        N/A       1%          6
 Orb of Destruction       Conj           82%        9d18      1%          7
 Spellforged Servitor     Conj/Summ      66%        N/A       1%          7
 Maxwell's Capacitive Co  Air            61%        ∞         1%          8
 Confusing Touch          Hex            74%        N/A       2%          3
 Gell's Gravitas          Tloc           74%        N/A       2%          3
 Portal Projectile        Hex/Tloc       100%       N/A       2%          3
 Teleport Other           Tloc           74%        N/A       2%          3
 Ice Form                 Ice/Tmut       87%        N/A       2%          4
 Olgreb's Toxic Radiance  Pois           58%        N/A       2%          4
 Summon Guardian Golem    Hex/Summ       66%        N/A       3%          3
 Alistair's Intoxication  Tmut/Pois      58%        N/A       3%          5
 Eringya's Noxious Bog    Tmut/Pois      43%        N/A       3%          6
 Storm Form               Tmut/Air       58%        N/A       3%          7
 Call Canine Familiar     Summ           58%        N/A       4%          3
 Ozocubu's Armour         Ice            58%        N/A       4%          3
 Cause Fear               Hex            37%        N/A       4%          4
 Simulacrum               Ice/Necr       49%        N/A       4%          6
 Borgnjor's Revivificati  Necr           61%        N/A       4%          8
 Dragon Form              Tmut           53%        N/A       6%          7
 Summon Ice Beast         Ice/Summ       58%        N/A       9%          4
 Metabolic Englaciation   Hex/Ice        33%        N/A       12%         5
 Summon Forest            Summ/Tloc      33%        N/A       12%         5
 Haunt                    Necr/Summ      49%        N/A       14%         7
 Death's Door             Necr           61%        N/A       32%         9
 Summon Cactus Giant      Summ           29%        N/A       56%         6
 Ozocubu's Refrigeration  Ice            29%        4d13      58%         7
 Enfeeble                 Hex            37%        N/A       71%         7
 Malign Gateway           Summ/Tloc      33%        N/A       87%         7
 Monstrous Menagerie      Summ           29%        N/A       97%         7
 Summon Hydra             Summ           29%        N/A       97%         7
 Discord                  Hex            37%        N/A       100%        8
 Summon Horrible Things   Summ           29%        N/A       100%        8
 Dragon's Call            Summ           29%        N/A       100%        9


Dungeon Overview and Level Annotations

Branches:
Dungeon (15/15)            Temple (1/1) D:7            Lair (5/5) D:8
  Swamp (4/4) Lair:2       Spider (4/4) Lair:3        Slime (5/5) Lair:4
    Orc (2/2) D:11            Elf (3/3) Orc:2        Vaults (5/5) D:14
  Crypt (3/3) Vaults:2       Tomb (3/3) Crypt:3      Depths (4/4) D:15
   Hell (visited)             Dis (7/7) Hell            Geh (7/7) Hell
    Coc (7/7) Hell            Tar (7/7) Hell            Zot (5/5) Depths:4
  IceCv (visited)

Altars:
Cheibriados
Dithmenos
Sif Muna
Uskayaw
Vehumet
Xom
Jiyva
Lugonu

Shops:
D:5 (![(!   D:9 [[!   D:12 (:   Orc:2 =!([   Elf:2 ?   Depths:3 [=:=

Portals:
Hell: Depths:2 Depths:3 Depths:4
Abyss: Depths:3 Depths:4
Pandemonium: Depths:2 Depths:4

Annotations:
D:5 3 runed translucent doors, grguerra's ghost, amateur MiFi
D:13 2 transporters, BigFatTexta's ghost, journeyman GrFi
Lair:5 exclusion: obsidian statue
Depths:1 2 transporters, exclusion: obsidian statue


Innate Abilities, Weirdness & Mutations

You possess an exceptional clarity of mind.
You are weak. (Str -2)


Message History

(V) Vaults (C) Crypt (W) Tomb (U) Depths (H) Hell (I) Dis (G) Gehenna (X) Cocytus (Y) Tartarus (Z) Zot
Where to? (Enter - D:1 @ (x,y), ? - help)
There is a stone staircase leading up here.
You climb upwards.
There is a stone staircase leading down here.
You open the door.
There is an open door here.
An Ice Fiend comes into view.
Casting: Chain Lightning (dangerous; 3% risk of failure)
Confirm with . or Enter, or press ? or * to list all spells.
You feel a surge of power! Lightning arcs from your hands!
The bolt of lightning hits the Ice Fiend!!!!!
You kill the Ice Fiend!
Vehumet accepts your kill.
You feel your power returning. The bolt of lightning hits you. You resist.
Aiming: Dig
Press: ? - help, Shift-Dir - straight line A rock wall.
This square is covered in magical glow.
The rock shatters into small pieces.
Aiming: Dig
Press: ? - help, Shift-Dir - straight line A rock wall.
This square is covered in magical glow.
The rock shatters into small pieces.
(D) Dungeon (T) Temple (L) Lair (S) Swamp (N) Spider Nest (M) Slime Pits (O) Orcish Mines (E) Elven Halls (V) Vaults (C) Crypt (W) Tomb (U) Depths (H) Hell (I) Dis (G) Gehenna (X) Cocytus (Y) Tartarus (Z) Zot
Where to? (Enter - D:1 @ (x,y), ? - help)
There is a stone staircase leading up here.
There is a stone staircase leading up here.
You climb upwards.
There is a stone staircase leading down here.
A quokka comes into view.
There is a staircase leading out of the dungeon here.
You have escaped!

.##...##.........##........#.....
.##...##.........##........#.....
.##...##.........................
..#...##...................######
... ..........r.........## #
.######.....................# #
......#..P#~#P.....P#~#P..#.#####
........P##~##P...P##~##P.#>.....
.........~~~~~..@..~~~~~..#.#####
......#.P##~##P...P##~##P...####
#...†.#..P#~#P.....P#~#P.......#
......................)...#....#
.............###.#...######....##
..######......##.................
..######....#.####..........#####
............#...............#
##..........###.............#


You could see a quokka (wandering).

Vanquished Creatures
  Cerebov (Pan)
  Antaeus (Coc:7)
  the Royal Jelly (Slime:5)
  Asmodeus (Geh:7)
  Ereshkigal (Tar:7)
  Gloorx Vloq (Pan)
  Mnoleg (Pan)
  A seraph (Pan)
  Lom Lobon (Pan)
  Tiamat (Zot:2)
  Dispater (Dis:7)
  Khufu (Crypt:2)
  6 ancient liches
  7 dread liches
  4 orbs of fire (Zot:5)
  6 juggernauts
  Mennas (Pan)
  50 royal mummies
  Saint Roka (Orc:2)
  13 shard shrikes
  Frederick (Crypt:2)
  3 Killer Klowns (Zot:5)
  the Lernaean hydra (Swamp:4)
  Margery (Crypt:2)
  2 curse toes (Zot:5)
  Geryon (Hell)
  29 caustic shrikes
  12 profane servitors
  Jory (Depths:4)
  11 golden dragons
  15 bone dragons
  2 electric golems (Zot:5)
  9 pandemonium lords
  10 iron giants
  13 Tzitzimimeh
  4 doom hounds
  17 Brimstone Fiends
  19 Hell Sentinels
  16 hellephants
  18 tainted leviathans
  11 tentacled monstrosities
  A spectral shard shrike (Tar:5)
  20 Ice Fiends
  21 Orb Guardians
  5 quicksilver dragons
  14 liches
  23 searing wretches
  24 acid blobs
  2 deep elf blademasters (Elf:3)
  26 Executioners
  15 titans
  A kraken (Abyss:4)
  2 deep elf master archers (Elf:3)
  5 tentacled starspawn
  An eldritch tentacle (Pan)
  3 thorn hunters
  Kirke (D:13)
  20 ancient champions
  6 death cobs
  3 shadow dragons
  6 sphinxes
  13 storm dragons
  3 tengu reavers
  6 demonspawn warmongers (Pan)
  2 draconian monks (Zot:3)
  8 rockslimes
  Donald (Orc:2)
  3 nagarajas (Zig:8)
  8 revenants
  5 iron dragons
  12 azure jellies
  A daeva (Pan)
  A fenstrider witch (Swamp:4)
  16 quicksilver elementals
  4 draconian knights
  8 narguns
  3 emperor scorpions (Spider:4)
  10 vault wardens
  8 deep elf sorcerers
  15 fire giants
  2 ghost moths
  6 orc warlords
  Aizul (Elf:3)
  17 cacodemons
  19 frost giants
  48 balrugs
  7 draconian scorchers
  3 spectral caustic shrikes
  2 juggernaut zombies
  9 angels (Pan)
  8 ghouls
  6 draconian shifters
  7 demonspawn corrupters (Pan)
  6 shard shrike simulacra
  3 draconian stormcallers
  9 curse skulls
  4 draconian annihilators
  3 spriggan defenders (Depths:3)
  20 very ugly things
  12 ironbound preservers
  A caustic shrike zombie (Zig:19)
  5 ophanim (Pan)
  3 deep elf elementalists
  15 reapers
  2 demonspawn blood saints (Pan)
  8 quicksilver oozes
  2 juggernaut skeletons
  23 war gargoyles
  A broodmother (Spider:1)
  17 stone giants
  10 deep elf demonologists
  3 ironbound thunderhulks
  4 vampire knights
  3 eleionomae
  19 elemental wellsprings
  An apis (Pan)
  14 bennus
  8 demonspawn black suns (Pan)
  5 white draconians
  16 lorocyprocas
  2 green draconians (Zot:5)
  11 putrid mouths
  10 deep elf annihilators
  18 wendigos
  7 dire elephants
  2 spectral titans
  9 black draconians
  5 spark wasps
  7 bunyips
  11 deep elf death magi
  9 red draconians
  7 purple draconians
  13 blizzard demons
  14 green deaths
  10 yellow draconians
  13 iron golems
  12 ettins
  3 merfolk javelineers
  8 eidola
  7 fire dragons
  5 deep elf high priests
  6 spectral spriggans
  10 jiangshi
  32 mummy priests
  4 entropy weavers
  A spectral iron giant (Tar:3)
  4 rakshasas
  A spectral quicksilver dragon (Tar:5)
  3 spriggan zombies
  17 ice dragons
  26 vault guards
  6 great orbs of eyes
  A hydra (shapeshifter) (Vaults:5)
  12 yaktaur captains
  12 caustic shrike simulacra
  4 hell beasts
  4 spriggan air magi
  16 hydras
  A radroach (Spider:2)
  An ogre mage (D:14)
  2 spriggan skeletons (Hell)
  14 salamander tyrants
  A catoblepas (Lair:1)
  5 juggernaut simulacra
  3 jorogumos
  Erica (D:9)
  10 ironbound frosthearts
  A quicksilver dragon skeleton (Crypt:1)
  5 centaur warriors
  4 boulder beetles
  A bennu zombie (Crypt:2)
  A satyr (Abyss:4)
  2 deep troll shamans (Depths:3)
  2 spectral stone giants
  7 two-headed ogres
  130 death scarabs
  A naga warrior (Zig:2)
  A merfolk aquamancer (Zig:9)
  7 dancing weapons
  11 alligators
  5 stokers
  4 death yaks
  14 orc high priests
  2 deep troll earth magi (Depths:3)
  5 tengu warriors
  10 vampire magi
  2 spectral dire elephants
  4 shock serpents
  31 hell hogs
  Urug (Lair:4)
  2 spriggan berserkers
  10 thrashing horrors
  11 deep elf knights
  3 spectral nagas
  Sonja (Lair:4)
  14 hell knights
  2 titan zombies
  12 soul eaters
  32 sun demons
  17 skeletal warriors
  7 crystal echidnas
  2 titan skeletons
  18 sixfirhies
  4 wretched stars
  9 iron trolls
  2 spectral anacondas
  2 spectral bunyips (Tar:2)
  A spectral death yak (Lair:5)
  25 shadow wraiths
  6 sun moths
  6 cherubim (Pan)
  A pharaoh ant (Spider:4)
  A storm dragon skeleton (Zig:19)
  A spriggan druid (Swamp:3)
  A golden dragon zombie (Zig:10)
  3 skysharks
  13 shadow demons
  2 goliath frogs
  4 quicksilver dragon simulacra
  2 spatial maelstroms (Zig:17)
  A spriggan simulacrum (Hell)
  29 deep trolls
  12 wizards
  A bunyip zombie (Crypt:1)
  2 orange crystal statues
  13 orb spiders
  An iron giant zombie (Hell)
  A sea snake (Zig:9)
  2 naga ritualists (Zig:8)
  10 deep elf archers
  2 flayed ghosts
  6 phantasmal warriors
  14 swamp dragons
  An obsidian statue (Zig:16)
  A bunyip skeleton (Pan)
  5 glowing orange brains
  8 ironbound convokers
  7 lindwurms
  26 deep elf zephyrmancers
  24 starcursed masses
  An anaconda skeleton (Pan)
  6 bog bodies
  10 harpies
  A mana viper (Zig:8)
  2 steelbarb worms
  8 orc knights
  17 deep elf pyromancers
  19 wolf spiders
  3 tengu skeletons (Vaults:2)
  11 necromancers
  7 cyclopes
  A shadow dragon skeleton (Zig:19)
  46 ugly things
  A shining eye (shapeshifter) (Depths:3)
  3 worldbinders (Abyss:4)
  7 manticores
  3 spectral ettins
  A will-o-the-wisp (Swamp:2)
  6 fauns
  An oklob plant (Lair:3)
  A guardian serpent (Zig:8)
  8 orc sorcerers
  A spectral centaur (Tar:1)
  5 rust devils
  14 black mambas
  2 ice statues (Zig:16)
  A frost giant skeleton (Zig:12)
  Maurice (Orc:2)
  21 moths of wrath
  9 vault sentinels
  30 elephants
  20 demonic crawlers
  A merfolk siren (Zig:9)
  3 water nymphs (Zig:9)
  6 shining eyes
  20 orange demons
  44 smoke demons
  3 apocalypse crabs (Abyss:4)
  13 titan simulacra
  3 torpor snails
  4 eyes of devastation
  47 large abominations
  56 hellions
  11 molten gargoyles
  A dire elephant skeleton (Lair:5)
  3 gargoyles
  5 centaur skeletons
  2 kobold demonologists (Crypt:2)
  12 rime drakes
  6 cane toads
  6 ice devils
  4 freezing wraiths
  An anaconda simulacrum (Coc:6)
  9 komodo dragons
  29 tormentors
  25 yaktaurs
  8 human skeletons
  A hydra zombie (Tomb:1)
  11 ancient zymes
  9 efreet
  9 red devils
  86 guardian mummies
  A harpy zombie (Tomb:2)
  2 tengu conjurers
  A golden dragon simulacrum (Coc:7)
  5 spectral harpies
  A spectral two-headed ogre (Tar:1)
  8 merfolk
  3 trolls
  10 polar bears
  7 hellwings
  A bloated husk (Swamp:1)
  6 tyrant leeches
  2 snapping turtles
  15 tarantellas
  A moth of wrath zombie (Crypt:1)
  8 hornets
  5 raiju (Abyss:4)
  A dream sheep (shapeshifter) (Vaults:5)
  A harpy skeleton (Tomb:2)
  28 blink frogs
  3 iron dragon simulacra
  11 dream sheep (Lair:4)
  17 jumping spiders
  30 flying skulls
  5 air elementals
  A centaur simulacrum (Coc:1)
  77 slime creatures
  15 culicivoras
  A satyr skeleton (Crypt:3)
  A deep troll skeleton (Vaults:2)
  6 wyverns
  6 spriggans
  Sigmund (D:3)
  7 fire bats
  2 shadows
  An ettin skeleton (Pan)
  54 yaks
  2 water elementals (Elf:3)
  6 wraiths
  25 ynoxinuls
  8 dire elephant simulacra
  9 basilisks
  19 golden eyes
  5 hogs (D:13)
  23 ushabtiu
  28 redbacks
  An alligator snapping turtle simulacrum (Coc:3)
  27 neqoxecs
  13 chaos spawn
  13 wargs
  Menkaure (D:7)
  2 spectral cane toads (Lair:5)
  A spatial vortex (Zig:17)
  12 swamp worms
  3 vampire mosquitoes (D:12)
  20 water moccasins
  A swamp worm (shapeshifter) (Vaults:5)
  A naga zombie (Tomb:2)
  2 glowing shapeshifter zombies
  15 harpy simulacra
  4 hell hounds (D:14)
  2 acid dragons
  2 floating eyes
  7 small abominations
  7 swamp drakes
  Duvessa (D:4)
  3 hydra simulacra
  2 ice beasts
  3 glowing shapeshifter skeletons
  3 black bears
  16 ogres
  50 orc warriors
  A hornet zombie (Crypt:3)
  An ice dragon simulacrum (Coc:1)
  A black mamba simulacrum (Hell)
  7 wolves
  7 ettin simulacra
  2 boggarts (Crypt:2)
  A blink frog skeleton (Crypt:3)
  A dream sheep skeleton (Crypt:1)
  17 centaurs
  Blork the orc (D:4)
  An elephant skeleton (Lair:5)
  2 kobold brigands
  A two-headed ogre simulacrum (Hell)
  2 necrophages
  13 bullfrogs
  2 gnoll sergeants
  2 scorpions
  5 naga simulacra
  4 wights (D:7)
  A wyvern skeleton (Crypt:3)
  Dowan (D:4)
  A howler monkey (D:6)
  4 electric eels
  7 crimson imps (D:14)
  A basilisk zombie (Crypt:1)
  2 human zombies (Crypt:1)
  A quasit (Abyss:4)
  9 hounds
  4 jellies
  20 orc priests
  An iguana (D:4)
  An iron imp (Pan)
  Ijyb (D:3)
  2 sleepcaps
  3 gnoll boudas
  27 orc wizards
  An acid dragon skeleton (Crypt:2)
  62 mummies
  33 gnolls
  4 adders
  2 shadow imps
  4 white imps
  5 ufetubi
  2 dart slugs
  A worm (D:2)
  93 orcs
  5 endoplasms
  4 giant cockroaches
  9 goblins
  8 hobgoblins
  10 jackals
  17 kobolds
  5 quokkas
  12 ball pythons
  5 bats
  An endoplasm zombie (Crypt:2)
  2 frilled lizards
  2 goblin zombies (Crypt:2)
  A quokka zombie (Crypt:2)
  2 rats
  4 ball lightnings (Pan)
  11 creeping infernos
  2 fire vortices
  3 lurking horrors
  A starspawn tentacle (Zig:17)
3839 creatures vanquished.

Vanquished Creatures (collateral kills)
  A pandemonium lord (Pan)
  A juggernaut (Depths:1)
  A royal mummy (Tomb:1)
  Arachne (Spider:2)
  3 tainted leviathans
  An Ice Fiend (Coc:7)
  An acid blob (Slime:2)
  An Executioner (Pan)
  A revenant (Crypt:1)
  A frost giant (Vaults:5)
  A demonspawn warmonger (Pan)
  A vault warden (Vaults:5)
  An ironbound preserver (Vaults:5)
  A war gargoyle (Vaults:5)
  A very ugly thing (Depths:4)
  A black draconian (Zot:2)
  A deep elf high priest (Vaults:5)
  A yaktaur captain (Vaults:5)
  A shadow wraith (Pan)
  A sixfirhy (Pan)
  A pharaoh ant (Spider:2)
  A golden dragon zombie (Zig:19)
  An ironbound convoker (Vaults:2)
  A steelbarb worm (Spider:1)
  2 ugly things
  A fire giant zombie (Zig:10)
  A naga skeleton (Pan)
  An iron giant simulacrum (Coc:2)
  An anaconda simulacrum (Coc:3)
  2 tarantellas
  A hellwing (Pan)
  2 jumping spiders (Spider:2)
  2 ynoxinuls
  A wyvern (D:9)
  A large abomination (Pan)
  A golden eye (Slime:5)
  A chaos spawn (Pan)
  A warg (Zig:20)
  A harpy simulacrum (Hell)
  An ettin simulacrum (Coc:4)
  2 gnoll sergeants (D:9)
  2 starcursed masses (Zig:17)
  A gnoll bouda (D:9)
  5 mummies
  5 gnolls (D:9)
  A jelly zombie (Crypt:1)
  3 orcs (Vaults:5)
65 creatures vanquished.

Vanquished Creatures (others)
  A juggernaut simulacrum (Coc:7)
  A jumping spider (Spider:4)
  A naga simulacrum (Coc:3)
  2 orc wizards
  An orc (Vaults:5)
  5 ball lightnings (Pan)
  A creeping inferno (Geh:1)
  871 fire vortices
  11 foxfires (Swamp:2)
  384 fulminant prisms
  68 fungi
  67 plants
  5 starspawn tentacles
  24 withered plants (Lair:5)
1442 creatures vanquished.

Grand Total: 5346 creatures vanquished

Notes
Turn   | Place    | Note
-------+----------+-------------------------------------------
     0 | D:1      | PurpleRed the Deep Elf Reaver began the quest for the Orb.
     0 | D:1      | Reached XP level 1. HP: 12/12 MP: 6/6
   126 | D:1      | Reached XP level 2. HP: 17/17 MP: 8/8
   132 | D:1      | Learned a level 2 spell: Momentum Strike
   137 | D:1      | Found a shimmering altar of Xom.
   166 | D:1      | Reached skill level 1 in Translocations
   274 | D:1      | Reached XP level 3. HP: 21/21 MP: 10/10
   792 | D:2      | Learned a level 3 spell: Hailstorm
  1145 | D:3      | Noticed Sigmund
  1181 | D:3      | Reached XP level 4. HP: 26/26 MP: 12/12
  1206 | D:4      | Noticed a black bear
  1427 | D:3      | Killed Sigmund
  1428 | D:3      | Reached skill level 5 in Spellcasting
  1428 | D:3      | Reached skill level 5 in Conjurations
  1428 | D:3      | Reached XP level 5. HP: 30/30 MP: 12/15
  1617 | D:3      | Noticed Ijyb
  1642 | D:3      | Killed Ijyb
  1743 | D:3      | Reached XP level 6. HP: 27/27 MP: 13/16
  1812 | D:5      | Entered Level 5 of the Dungeon
  2085 | D:4      | Found a shadowy altar of Dithmenos.
  2103 | D:4      | Noticed Blork the orc
  2111 | D:4      | Killed Blork the orc
  2163 | D:4      | Reached XP level 7. HP: 40/40 MP: 11/19
  2209 | D:4      | Noticed Duvessa
  2211 | D:4      | Noticed Dowan
  2249 | D:4      | Killed Duvessa
  2258 | D:4      | Killed Dowan
  2295 | D:4      | Learned a level 4 spell: Iskenderun's Mystic Blast
  2300 | D:4      | Learned a level 4 spell: Fulminant Prism
  2742 | D:5      | Reached skill level 1 in Hexes
  2772 | D:5      | Found Fybu's Armour Emporium.
  2778 | D:5      | Found Waxkenusy's Weapon Shop.
  2951 | D:5      | Found a snail-covered altar of Cheibriados.
  2952 | D:5      | Found a radiant altar of Vehumet.
  2965 | D:5      | Reached XP level 8. HP: 33/44 MP: 11/22
  2966 | D:5      | Found a hide-covered altar of Uskayaw.
  2975 | D:5      | Became a worshipper of Vehumet
  2990 | D:5      | Found Omnais's Antique Weapon Emporium.
  3055 | D:5      | Found Neushil's Distillery.
  3065 | D:5      | Bought a potion of degeneration for 13 gold pieces
  3069 | D:5      | Bought a potion of heal wounds for 65 gold pieces
  3069 | D:5      | Found a runed translucent gate.
  3069 | D:5      | Found a runed translucent gate.
  3069 | D:5      | Found a runed translucent gate.
  3073 | D:5      | Noticed grguerra's ghost (amateur MiFi)
  3116 | D:5      | Found Vybadd's Distillery.
  3152 | D:5      | Bought a potion of brilliance for 52 gold pieces
  4142 | D:7      | Reached * piety under Vehumet
  4142 | D:7      | Offered knowledge of Sandblast by Vehumet.
  4143 | D:7      | Reached skill level 10 in Spellcasting
  4143 | D:7      | Reached XP level 9. HP: 48/48 MP: 16/25
  4154 | D:7      | Noticed Menkaure
  4160 | D:7      | Killed Menkaure
  4161 | D:7      | Reached skill level 10 in Conjurations
  4161 | D:7      | Reached skill level 1 in Fire Magic
  4292 | D:7      | Found a staircase to the Ecumenical Temple.
  4320 | D:7      | Learned a level 2 spell: Sublimation of Blood
  4322 | Temple   | Entered the Ecumenical Temple
  4570 | D:8      | Noticed a death yak
  4580 | D:8      | Offered knowledge of Scorch by Vehumet.
  4591 | D:8      | Noticed a two-headed ogre
  4597 | D:8      | Noticed a death yak
  4608 | D:8      | Killed a two-headed ogre
  4608 | D:8      | Reached ** piety under Vehumet
  4746 | D:8      | Noticed a death yak
  5018 | D:8      | Found a staircase to the Lair.
  5147 | D:8      | Killed a death yak
  5148 | D:8      | Reached XP level 10. HP: 56/56 MP: 15/27
  5151 | D:8      | Killed a death yak
  5201 | D:9      | Reached skill level 5 in Fire Magic
  5221 | D:9      | Noticed a two-headed ogre
  5225 | D:9      | Killed a two-headed ogre
  5312 | D:9      | Offered knowledge of Dazzling Flash by Vehumet.
  5419 | D:9      | Reached *** piety under Vehumet
  5493 | D:9      | Noticed Erica
  5503 | D:9      | Killed Erica
  5507 | D:9      | Found Xiegiudu's Distillery.
  5534 | D:9      | Bought 2 potions of magic for 224 gold pieces
  5570 | D:9      | Offered knowledge of Flame Wave by Vehumet.
  5571 | D:9      | Reached XP level 11. HP: 61/61 MP: 24/29
  5612 | D:10     | Entered Level 10 of the Dungeon
  5709 | D:9      | Found Sirienno's Antique Armour Boutique.
  5841 | D:9      | Found Ammiffuoqo's Antique Armour Emporium.
  5845 | D:9      | Bought a pair of runed boots for 240 gold pieces
  5887 | D:9      | Noticed a boulder beetle
  5898 | D:9      | Killed a boulder beetle
  5924 | D:10     | Learned a level 4 spell: Flame Wave
  6131 | D:11     | Noticed a green ugly thing
  6142 | D:11     | Killed a green ugly thing
  6219 | D:11     | Reached **** piety under Vehumet
  6259 | D:11     | Learned a level 6 spell: Iron Shot
  6287 | D:10     | Identified the +2 leather armour "Ameoxow" {rF+ rN+ Slay-4}
  6448 | D:11     | Offered knowledge of Mephitic Cloud by Vehumet.
  6505 | D:12     | Reached skill level 1 in Earth Magic
  6628 | D:11     | Found a staircase to the Orcish Mines.
  6683 | D:12     | Found Matihefu's Book Boutique.
  6687 | D:12     | Noticed a purple ugly thing
  6693 | D:12     | Killed a purple ugly thing
  6776 | D:12     | Found Zeikk's Antique Weapon Emporium.
  6892 | Lair:1   | Entered Level 1 of the Lair of Beasts
  6975 | Lair:1   | Noticed a catoblepas
  6988 | Lair:1   | Killed a catoblepas
  7030 | Lair:1   | Reached XP level 12. HP: 66/66 MP: 32/32
  7162 | Lair:2   | Reached skill level 1 in Shields
  7178 | Lair:2   | Reached skill level 15 in Spellcasting
  7187 | Lair:1   | Reached ***** piety under Vehumet
  7214 | Lair:1   | HP: 1/66 [blink frog (14)]
  7216 | Lair:1   | Offered knowledge of Plasma Beam by Vehumet.
  7239 | Lair:1   | Identified a scroll of acquirement
  7273 | Lair:1   | Acquired 826 gold pieces
  7362 | Lair:2   | Reached skill level 10 in Fire Magic
  7404 | Lair:2   | Learned a level 6 spell: Plasma Beam
  7571 | Lair:2   | Reached skill level 1 in Air Magic
  7670 | Lair:2   | Found a staircase to the Swamp.
  7796 | Lair:3   | Found a hole to the Spider Nest.
  7880 | Lair:5   | Entered Level 5 of the Lair of Beasts
  7885 | Lair:4   | Noticed Urug
  7951 | Lair:4   | Reached XP level 13. HP: 63/70 MP: 17/34
  8075 | Lair:3   | Reached skill level 1 in Necromancy
  8214 | Lair:4   | Found a viscous altar of Jiyva.
  8215 | Lair:4   | Found a staircase to the Slime Pits.
  8263 | Lair:4   | Killed Urug
  8315 | Lair:4   | Offered knowledge of Conjure Ball Lightning by Vehumet.
  8343 | Lair:4   | Reached skill level 15 in Conjurations
  8357 | Lair:4   | Reached skill level 5 in Shields
  8424 | Lair:4   | Noticed Sonja
  8430 | Lair:4   | Killed Sonja
  8726 | Lair:5   | Reached XP level 14. HP: 58/76 MP: 9/37
  8815 | Lair:5   | Reached skill level 5 in Fighting
  9088 | Lair:5   | Offered knowledge of Freezing Cloud by Vehumet.
  9095 | Lair:5   | Learned a level 5 spell: Freezing Cloud
  9914 | Orc:1    | Entered Level 1 of the Orcish Mines
 10033 | Orc:2    | Entered Level 2 of the Orcish Mines
 10189 | Orc:2    | Noticed Donald
 10194 | Orc:2    | Killed Donald
 10286 | Orc:2    | Noticed Saint Roka
 10300 | Orc:2    | HP: 4/80 [Saint Roka/divine providence (17)]
 10319 | Orc:1    | Offered knowledge of Orb of Destruction by Vehumet.
 10499 | D:9      | Bought the +3 warlock's mirror {omnireflect} for 1280 gold
                  | pieces
 10499 | D:9      | Found the +3 warlock's mirror {omnireflect}
 10736 | Orc:2    | Killed Saint Roka
 10737 | Orc:2    | Reached XP level 15. HP: 32/84 MP: 12/39
 10995 | Orc:2    | Found Elonwuul's Armour Shop.
 10995 | Orc:2    | Found Jiyzocud's Weapon Shop.
 10996 | Orc:2    | Found Foghux's Jewellery Shoppe.
 10996 | Orc:2    | Noticed Maurice
 10997 | Orc:2    | Killed Maurice
 10998 | Orc:2    | Found Nuhiluce's Distillery.
 11258 | D:13     | Found a transporter.
 11262 | D:13     | Noticed BigFatTexta's ghost (journeyman GrFi)
 11268 | D:13     | Noticed Kirke
 11275 | D:13     | Noticed a sphinx
 11280 | D:13     | Killed Kirke
 11504 | D:15     | Entered Level 15 of the Dungeon
 11697 | Orc:2    | Bought an amulet of magic regeneration for 450 gold pieces
 11909 | Swamp:1  | Entered Level 1 of the Swamp
 12143 | Swamp:2  | Reached skill level 15 in Fire Magic
 12237 | Swamp:1  | Learned a level 7 spell: Orb of Destruction
 12326 | Swamp:3  | Noticed a tentacled monstrosity
 12339 | Swamp:3  | Killed a tentacled monstrosity
 12382 | Swamp:3  | Offered knowledge of Starburst by Vehumet.
 12407 | Swamp:3  | Learned a level 6 spell: Starburst
 12412 | Swamp:3  | Reached XP level 16. HP: 66/88 MP: 21/42
 12450 | Swamp:4  | Entered Level 4 of the Swamp
 12511 | Swamp:4  | Noticed a thorn hunter
 12519 | Swamp:4  | Killed a thorn hunter
 12716 | Swamp:4  | Noticed the 27-headed Lernaean hydra
 12721 | Swamp:4  | Killed the 27-headed Lernaean hydra
 12887 | Swamp:4  | Reached ****** piety under Vehumet
 12891 | Swamp:4  | Got a decaying rune of Zot
 13290 | Orc:2    | Found a staircase to the Elven Halls.
 13299 | Elf:1    | Entered Level 1 of the Elven Halls
 13339 | Elf:1    | Offered knowledge of Arcjolt by Vehumet.
 13421 | Elf:1    | Found a shimmering blue altar of Sif Muna.
 13537 | Elf:1    | HP: 2/88 [deep elf zephyrmancer/bolt of lightning (27)]
 13677 | Elf:1    | Found a frozen archway.
 13696 | IceCv    | Entered an ice cave
 13944 | IceCv    | Identified the ring of the Assorted Knaves {rElec rPois rF+
                  | rC+}
 14116 | IceCv    | Reached XP level 17. HP: 93/93 MP: 32/44
 14432 | Elf:2    | Reached skill level 1 in Armour
 14516 | Elf:2    | Found Isenith's Magic Scroll Emporium.
 14529 | Elf:2    | Bought a scroll of enchant armour for 105 gold pieces
 14529 | Elf:2    | Bought a scroll of teleportation for 42 gold pieces
 14529 | Elf:2    | Bought a scroll of magic mapping for 105 gold pieces
 14545 | Elf:3    | Entered Level 3 of the Elven Halls
 14703 | Elf:3    | Noticed Aizul
 14714 | Elf:3    | Killed Aizul
 14725 | Elf:3    | Reached skill level 5 in Necromancy
 14783 | Elf:3    | Identified the +6 dagger "Sekoluntepp" {freeze, rElec rPois
                  | Dex-4}
 14925 | Elf:3    | Offered knowledge of Ignition by Vehumet.
 14939 | Elf:2    | Learned a level 8 spell: Ignition
 14971 | Elf:3    | Noticed a deep elf blademaster
 14985 | Elf:3    | Killed a deep elf blademaster
 14986 | Elf:3    | Identified the ring "Ysibli Fick" {Fire Int+3}
 15056 | Elf:3    | Noticed a deep elf blademaster
 15069 | Elf:3    | Killed a deep elf blademaster
 15173 | Elf:3    | Noticed a deep elf master archer
 15177 | Elf:3    | Killed a deep elf master archer
 15294 | Elf:3    | Identified the +3 chain mail of a ziggurat {Rampage Fly
                  | rElec Stlth-}
 15294 | Elf:3    | Noticed a deep elf master archer
 15376 | Elf:3    | Killed a deep elf master archer
 15498 | Elf:3    | Got the Compendium of United Gusts
 15627 | Orc:2    | Bought a +0 helmet of intelligence for 161 gold pieces
 15641 | Orc:2    | Bought a potion of heal wounds for 90 gold pieces
 15641 | Orc:2    | Bought a potion of curing for 54 gold pieces
 15773 | D:13     | Found a transporter.
 15900 | D:14     | Reached XP level 18. HP: 100/100 MP: 34/46
 16315 | D:14     | Found a gate to the Vaults.
 16320 | Vaults:1 | Entered Level 1 of the Vaults
 16350 | D:14     | Reached skill level 5 in Dodging
 16633 | Vaults:3 | Offered knowledge of Fire Storm by Vehumet.
 16633 | Vaults:3 | Offered knowledge of Chain Lightning by Vehumet.
 16633 | Vaults:3 | Offered knowledge of Maxwell's Capacitive Coupling by
                  | Vehumet.
 16646 | Vaults:3 | Learned a level 9 spell: Fire Storm
 16947 | Vaults:5 | Entered Level 5 of the Vaults
 16947 | Vaults:5 | Noticed a tentacled monstrosity
 16950 | Vaults:5 | Reached XP level 19. HP: 107/107 MP: 49/49
 16999 | Vaults:5 | Identified the +0 buckler of the Forsaken Xenops {rCorr
                  | Int+3}
 17135 | Vaults:5 | Identified the staff of earth "Bydgh" {Will- Str+6}
 17139 | Vaults:5 | Got the Tome of Baneful Production
 17143 | Vaults:5 | Identified the +1 falchion of Spores {heavy, rF+ Will+
                  | Int+2}
 17166 | Vaults:5 | Got the Disquisition on Kinetic Energy
 17171 | Vaults:5 | Got a silver rune of Zot
 17182 | Vaults:5 | Identified the +6 dagger "Volowaik" {protect, rC+ Dex+3
                  | Stlth+}
 17205 | Vaults:5 | Identified the +1 pair of boots of Damp Happiness {Int+4
                  | Dex+3}
 17284 | Vaults:5 | Identified the amulet of Giakew {Acrobat rElec SInv}
 17335 | Vaults:5 | Noticed a golden dragon
 17337 | Vaults:5 | Killed a golden dragon
 17390 | Vaults:5 | Identified the staff of poison "Cohadd" {rPois Dex+4}
 17428 | Vaults:5 | Identified the +1 quarterstaff of Extremism {flame, rF-
                  | rC+++ Int+2 Dex+3}
 17429 | Vaults:5 | Noticed a golden dragon
 17432 | Vaults:5 | Killed a golden dragon
 17439 | Vaults:5 | Reached XP level 20. HP: 89/112 MP: 37/50
 17623 | Vaults:5 | Noticed a golden dragon
 17625 | Vaults:5 | Killed a golden dragon
 17796 | Vaults:2 | Identified the +2 cloak of Disappointment {Contam +Inv
                  | Str+3 Int+2}
 17981 | Orc:2    | Bought the ring "Oruhe" {Will+ Str+6 Int+4 SInv} for 918
                  | gold pieces
 18217 | Spider:1 | Entered Level 1 of the Spider Nest
 18357 | Spider:2 | Noticed Arachne
 18359 | Spider:2 | Killed Arachne
 18595 | Spider:4 | Entered Level 4 of the Spider Nest
 18611 | Spider:4 | Reached skill level 5 in Armour
 18754 | Spider:4 | Got a gossamer rune of Zot
 18765 | Spider:4 | Identified the +0 hat "Golysale" {rPois Int-3 Dex+2 Stlth+}
 18956 | Slime:1  | Entered Level 1 of the Pits of Slime
 18968 | Slime:1  | Reached skill level 10 in Dodging
 18970 | Slime:1  | Reached skill level 10 in Fighting
 19018 | Slime:3  | Reached XP level 21. HP: 123/123 MP: 51/51
 19064 | Slime:4  | Learned a level 8 spell: Necromutation
 19073 | Slime:5  | Entered Level 5 of the Pits of Slime
 19078 | Slime:5  | Reached skill level 1 in Transmutations
 19148 | Slime:5  | Noticed the Royal Jelly
 19152 | Slime:5  | Killed the Royal Jelly
 19179 | Slime:5  | Identified the ring "Rimm" {Int+6 SInv}
 19181 | Slime:5  | Found the +8 arc blade {discharge, rElec}
 19238 | Slime:5  | Identified the +0 pearl dragon scales "Umukh" {rC+ rN+}
 19242 | Slime:5  | Got a slimy rune of Zot
 19559 | D:15     | Found a staircase to the Depths.
 19565 | D:15     | Reached skill level 5 in Transmutations
 19571 | Depths:1 | Entered Level 1 of the Depths
 19583 | Depths:1 | Reached skill level 10 in Necromancy
 19662 | Depths:1 | Found a transporter.
 19666 | Depths:1 | Found a transporter.
 19747 | Depths:3 | Found a one-way gate to the infinite horrors of the Abyss.
 19770 | Depths:2 | Found a one-way gate leading to the halls of Pandemonium.
 19798 | Depths:2 | Found a gateway to Hell.
 19842 | Depths:3 | Found Ihirch's Book Boutique.
 19843 | Depths:3 | Found Laani's Jewellery Shoppe.
 19843 | Depths:3 | Found Voqu's Jewellery Shoppe.
 20032 | Depths:3 | Found Doopocs's Armour Shop.
 20037 | Depths:3 | Reached XP level 22. HP: 132/132 MP: 46/52
 20057 | Depths:4 | Entered Level 4 of the Depths
 20057 | Depths:4 | Found a corrupted altar of Lugonu.
 20066 | Depths:4 | Noticed a golden dragon
 20070 | Depths:4 | Killed a golden dragon
 20098 | Depths:4 | Noticed a juggernaut
 20101 | Depths:4 | Killed a juggernaut
 20136 | Depths:4 | Reached skill level 10 in Transmutations
 20146 | Depths:4 | Found a one-way gateway to a ziggurat.
 20162 | Zig:1    | Entered Level 1 of a ziggurat
 20177 | Zig:2    | Entered Level 2 of a ziggurat
 20189 | Zig:2    | Identified the +2 sling of Infinite Pain {elec, rElec}
 20192 | Zig:3    | Entered Level 3 of a ziggurat
 20226 | Zig:3    | Learned a level 9 spell: Chain Lightning
 20227 | Zig:4    | Entered Level 4 of a ziggurat
 20251 | Zig:4    | Identified the +5 flail of Incongruity {heavy, *Noise rPois
                  | SInv}
 20255 | Zig:5    | Entered Level 5 of a ziggurat
 20259 | Zig:5    | Noticed a juggernaut
 20263 | Zig:5    | Killed a juggernaut
 20291 | Zig:6    | Entered Level 6 of a ziggurat
 20297 | Zig:6    | Found the +27 heavy crossbow "Sniper" {heavy, Acc+∞ SInv}
 20297 | Zig:6    | Noticed Kariagul the pandemonium lord
 20300 | Zig:6    | Killed Kariagul the pandemonium lord
 20320 | Zig:7    | Entered Level 7 of a ziggurat
 20336 | Zig:7    | Identified the staff of cold "Mulisk" {rElec rC+}
 20338 | Zig:7    | Identified the staff of fire "Suwk" {Fragile rPois rF+
                  | Str+3}
 20347 | Zig:8    | Entered Level 8 of a ziggurat
 20371 | Zig:8    | Identified the +0 chain mail of the Mind {Str+3}
 20376 | Zig:9    | Entered Level 9 of a ziggurat
 20411 | Zig:9    | Reached skill level 15 in Necromancy
 20411 | Zig:9    | Reached XP level 23. HP: 136/136 MP: 54/54
 20412 | Zig:9    | Identified the ring "Hihymaacs" {rC+ AC+4 Int-3 Stlth+}
 20416 | Zig:10   | Entered Level 10 of a ziggurat
 20424 | Zig:10   | Found the +8 whip "Snakebite" {venom, curare, rPois}
 20428 | Zig:10   | Noticed a royal mummy
 20431 | Zig:10   | Killed a royal mummy
 20439 | Zig:10   | Identified the +5 glaive "Woaloyni" {flame, +Blink rN+
                  | Str-2 Int+2}
 20448 | Zig:10   | Identified the +1 long sword of Judgement {heavy, rPois
                  | Will+}
 20451 | Zig:11   | Entered Level 11 of a ziggurat
 20460 | Zig:11   | Noticed a shard shrike
 20460 | Zig:11   | Noticed a shard shrike
 20460 | Zig:11   | Found the ring of the Mage {Wiz Archmagi}
 20461 | Zig:11   | Noticed a shard shrike
 20461 | Zig:11   | Killed a shard shrike
 20462 | Zig:11   | Killed a shard shrike
 20462 | Zig:11   | Killed a shard shrike
 20462 | Zig:11   | Noticed a shard shrike
 20464 | Zig:11   | Killed a shard shrike
 20475 | Zig:11   | Reached skill level 27 in Spellcasting
 20475 | Zig:11   | Reached XP level 24. HP: 142/142 MP: 55/56
 20476 | Zig:11   | Identified the +1 robe of Toloo {rN+ Will+ Slay-6}
 20490 | Zig:11   | Identified the +0 ring mail of the Malding Gods {Harm
                  | Rampage Dex-5}
 20494 | Zig:12   | Entered Level 12 of a ziggurat
 20502 | Zig:12   | Noticed a royal mummy
 20502 | Zig:12   | Noticed a royal mummy
 20503 | Zig:12   | Noticed a royal mummy
 20505 | Zig:12   | Killed a royal mummy
 20506 | Zig:12   | Killed a royal mummy
 20506 | Zig:12   | Killed a royal mummy
 20510 | Zig:12   | Found the +9 sword of Zonguldrok {reap}
 20519 | Zig:12   | Reached skill level 5 in Air Magic
 20519 | Zig:12   | Reached XP level 25. HP: 148/148 MP: 56/56
 20525 | Zig:12   | Identified the +3 cloak of Riogolik {rN+ rCorr}
 20530 | Zig:13   | Entered Level 13 of a ziggurat
 20541 | Zig:13   | Reached XP level 26. HP: 131/154 MP: 55/56
 20546 | Zig:13   | Found the +13 scythe of Curses {drain, curses, Drain}
 20569 | Zig:14   | Entered Level 14 of a ziggurat
 20600 | Zig:14   | Identified the staff of conjuration "Gehiy" {Will+}
 20616 | Zig:14   | Identified the amulet of the Endless Expanse {rElec Regen+
                  | Str+3}
 20622 | Zig:15   | Entered Level 15 of a ziggurat
 20673 | Zig:15   | Found the ring of the Hare {EV+10}
 20687 | Zig:15   | Identified the +3 leather armour of Impatience {rPois rC+}
 20700 | Zig:15   | Identified the ring of Traps {Wiz Str+6 Dex+3}
 20731 | Zig:15   | Identified the +6 quarterstaff "Bigirowe" {freeze, rF+ rC+
                  | Int+3}
 20738 | Zig:16   | Entered Level 16 of a ziggurat
 20747 | Zig:16   | Noticed a dread lich
 20750 | Zig:16   | Reached skill level 10 in Air Magic
 20751 | Zig:16   | Killed a dread lich
 20765 | Zig:16   | Found the +7 captain's cutlass {speed, disarm}
 20771 | Zig:16   | Identified the staff of death "Hetav" {rN+ Str+7 Int-2}
 20773 | Zig:16   | Identified the +1 ring mail of Starshine {rF++}
 20774 | Zig:16   | Identified the +1 great mace of Efomouta {flame, rPois}
 20782 | Zig:16   | Reached XP level 27. HP: 150/162 MP: 54/56
 20786 | Zig:16   | Identified the ring of Seucval {*Corrode rPois rF- rN+++
                  | SInv}
 20787 | Zig:16   | Identified the ring "Bimatyu" {Fire Int+6}
 20790 | Zig:16   | Identified the staff of conjuration "Dithrocw" {rC+ Str+3
                  | Dex+2}
 20796 | Zig:17   | Entered Level 17 of a ziggurat
 20823 | Zig:17   | Found the +3 pair of mountain boots {steadfast, rC+}
 20832 | Zig:17   | Identified the amulet "Siunuf" {Faith rC++ Dex+2}
 20847 | Zig:18   | Entered Level 18 of a ziggurat
 20885 | Zig:18   | Identified the +0 hand axe of Calamity {venom, *Noise rC+
                  | rN+}
 20893 | Zig:19   | Entered Level 19 of a ziggurat
 20901 | Zig:19   | Reached skill level 15 in Air Magic
 20902 | Zig:19   | Noticed a royal mummy
 20905 | Zig:19   | Killed a royal mummy
 20913 | Zig:19   | Noticed a royal mummy
 20914 | Zig:19   | Killed a royal mummy
 20928 | Zig:19   | Identified the staff of poison "Soiss" {Fly rPois Str+3
                  | Int-5 Dex+3}
 20942 | Zig:19   | Identified the +6 sling of Doom {heavy, Str+3 Int-2 Dex+6}
 20949 | Zig:20   | Entered Level 20 of a ziggurat
 20959 | Zig:20   | Noticed a juggernaut
 20960 | Zig:20   | Reached skill level 15 in Fighting
 20961 | Zig:20   | Noticed a juggernaut
 20961 | Zig:20   | Noticed a juggernaut
 20961 | Zig:20   | Killed a juggernaut
 20961 | Zig:20   | Noticed a juggernaut
 20962 | Zig:20   | Killed a juggernaut
 20962 | Zig:20   | Killed a juggernaut
 20966 | Zig:20   | Killed a juggernaut
 20987 | Zig:20   | Identified the +3 ring mail "Poufapn" {Fly rN++ Int-2
                  | Slay+2}
 20993 | Zig:20   | Identified the +0 acid dragon scales of Ugukus {rElec
                  | rCorr}
 20994 | Zig:20   | Identified the staff of cold "Jemuupann" {rC+ Int+2 Dex+2}
 21013 | Zig:20   | Identified the +6 short sword of Radeosm {heavy, Int+3}
 21087 | Depths:4 | Noticed Jory
 21089 | Depths:4 | Killed Jory
 21097 | Pan      | Entered Pandemonium
 21100 | Pan      | Reached skill level 5 in Earth Magic
 21135 | Pan      | Noticed Tesi the pandemonium lord
 21137 | Pan      | Killed Tesi the pandemonium lord
 21415 | Pan      | Killed Woeck the pandemonium lord
 21451 | Pan      | Identified the +1 robe "Dipeoh" {-Cast Dex+7}
 21453 | Pan      | Got a demonic rune of Zot
 21515 | Pan      | Noticed Agos Xiynt the pandemonium lord
 21518 | Pan      | Killed Agos Xiynt the pandemonium lord
 21525 | Pan      | Reached skill level 10 in Earth Magic
 21580 | Pan      | Gained mutation: Your magical capacity is low. (-10% MP) [a
                  | cacodemon]
 21609 | Pan      | Found a runed translucent door.
 21739 | Pan      | Noticed Koid Sis the pandemonium lord
 21741 | Pan      | Killed Koid Sis the pandemonium lord
 21906 | Pan      | Entered the realm of Mnoleg.
 22024 | Pan      | Noticed Mnoleg
 22036 | Pan      | Killed Mnoleg
 22096 | Pan      | Got a glowing rune of Zot
 22166 | Pan      | Learned a level 9 spell: Shatter
 22310 | Pan      | Found a huge runed translucent gate.
 22312 | Pan      | Found a huge runed translucent gate.
 22313 | Pan      | Found a huge runed translucent gate.
 22313 | Pan      | Found a huge runed translucent gate.
 22379 | Pan      | Found a huge runed translucent gate.
 22380 | Pan      | Found a huge runed translucent gate.
 22381 | Pan      | Found a huge runed translucent gate.
 22388 | Pan      | Noticed Kopna the pandemonium lord
 22390 | Pan      | Killed Kopna the pandemonium lord
 22460 | Pan      | Reached skill level 15 in Earth Magic
 22514 | Pan      | Identified the +3 scale mail "Xotehiumn" {Rampage rF+ Str-5
                  | SInv}
 22519 | Pan      | Identified the ring "Vaef" {Wiz rElec rF+ rCorr Dex-5}
 22519 | Pan      | Noticed a seraph
 22526 | Pan      | Killed a seraph
 22530 | Pan      | Found a glowing golden altar of the Shining One.
 22539 | Pan      | Identified the staff of death "Wiuniynt" {rElec rF- rN+
                  | Str+5 Int+2}
 22575 | Pan      | Identified the +1 battleaxe of Ytiulium {protect, Str+3}
 22576 | Pan      | Identified the +0 chain mail of the Distant Future {rC+
                  | Will+}
 22591 | Depths:4 | Escaped Pandemonium
 22593 | Pan      | Entered Pandemonium
 22765 | Pan      | Noticed Jetwistri the pandemonium lord
 22769 | Pan      | Killed Jetwistri the pandemonium lord
 22983 | Pan      | Entered the realm of Cerebov.
 23021 | Pan      | Identified the +3 leather armour of the Postmodern Wars
                  | {rF+++ Str+3 Int+3 Stlth-}
 23030 | Pan      | Identified the staff of fire "Zah Uxan" {rElec rF+}
 23058 | Pan      | Identified the staff of earth "Ymant" {rF+ Dex+2 Stlth+}
 23078 | Pan      | Got the Lessons on the Red-Hot Boggart
 23107 | Pan      | Identified the +1 war axe of Anguish {drain, *Rage rF++
                  | Int+4}
 23128 | Pan      | Identified the ring "Uxzul" {rF+ Int+2 Dex+5}
 23225 | Pan      | Identified the amulet "Laho" {Reflect Harm *Corrode rN+
                  | Str+2 Dex+3 SH+5}
 23294 | Pan      | Found the +6 sword of Cerebov {flame}
 23294 | Pan      | Noticed Cerebov
 23301 | Pan      | Killed Cerebov
 23314 | Pan      | Got a fiery rune of Zot
 23432 | Pan      | Found an exit through the horrors of the Abyss.
 23517 | Pan      | Entered the realm of Lom Lobon.
 23525 | Pan      | Noticed Lom Lobon
 23534 | Pan      | Killed Lom Lobon
 23558 | Pan      | Got a magical rune of Zot
 23686 | Pan      | Noticed Mennas
 23687 | Pan      | Killed Mennas
 23744 | Pan      | Entered the realm of Gloorx Vloq.
 23757 | Pan      | Noticed Gloorx Vloq
 23761 | Pan      | Killed Gloorx Vloq
 23773 | Pan      | Got a dark rune of Zot
 23844 | Pan      | Got Katteheth's Vellum of the Plateau and the Comitatus
 23868 | Pan      | Found an exit through the horrors of the Abyss.
 23877 | Pan      | Took an exit into the Abyss.
 23877 | Abyss:1  | Escaped into the Abyss
 23985 | Abyss:2  | Found a corrupted altar of Lugonu.
 23986 | Abyss:2  | Found a corrupted altar of Lugonu.
 24009 | Abyss:2  | Found a corrupted altar of Lugonu.
 24237 | Abyss:4  | Noticed an ancient lich
 24240 | Abyss:4  | Killed an ancient lich
 24435 | Abyss:4  | Got an abyssal rune of Zot
 24451 | Abyss:4  | Found a corrupted altar of Lugonu.
 24516 | Depths:4 | Escaped the Abyss
 24692 | Depths:1 | Noticed a juggernaut
 24694 | Depths:1 | Killed a juggernaut
 24797 | Vaults:2 | Found a staircase to the Crypt.
 24806 | Crypt:1  | Entered Level 1 of the Crypt
 24921 | Crypt:2  | Noticed Frederick
 24922 | Crypt:2  | Killed Frederick
 24924 | Crypt:2  | Found a shimmering blue altar of Sif Muna.
 24931 | Crypt:2  | Got the Elucidation of the Comitatus
 24937 | Crypt:2  | Identified the amulet "Diul" {RegenMP rPois Str+3}
 24945 | Crypt:2  | Noticed Khufu
 24945 | Crypt:2  | Noticed a royal mummy
 24945 | Crypt:2  | Noticed a royal mummy
 24949 | Crypt:2  | Killed a royal mummy
 24949 | Crypt:2  | Killed a royal mummy
 24950 | Crypt:2  | Killed Khufu
 24951 | Crypt:2  | Noticed Margery
 24953 | Crypt:2  | Killed Margery
 25029 | Crypt:3  | Entered Level 3 of the Crypt
 25045 | Crypt:3  | Found a staircase to the Tomb.
 25083 | Tomb:1   | Entered Level 1 of the Tomb of the Ancients
 25112 | Tomb:1   | Lost mutation: Your magical capacity is low. (-10% MP)
                  | [potion of mutation]
 25112 | Tomb:1   | Gained mutation: You are weak. (Str -2) [potion of
                  | mutation]
 25112 | Tomb:1   | Gained mutation: You possess an exceptional clarity of
                  | mind. [potion of mutation]
 25125 | Tomb:1   | Noticed a royal mummy
 25128 | Tomb:1   | Killed a royal mummy
 25128 | Tomb:1   | Noticed a royal mummy
 25133 | Tomb:1   | Killed a royal mummy
 25136 | Tomb:1   | Noticed a royal mummy
 25138 | Tomb:1   | Killed a royal mummy
 25140 | Tomb:1   | Noticed a royal mummy
 25143 | Tomb:1   | Noticed a royal mummy
 25145 | Tomb:1   | Killed a royal mummy
 25145 | Tomb:1   | Noticed a royal mummy
 25147 | Tomb:1   | Killed a royal mummy
 25147 | Tomb:1   | Killed a royal mummy
 25147 | Tomb:1   | Noticed a royal mummy
 25148 | Tomb:1   | Noticed a royal mummy
 25152 | Tomb:1   | Noticed a royal mummy
 25152 | Tomb:1   | Killed a royal mummy
 25165 | Tomb:1   | Noticed a royal mummy
 25168 | Tomb:1   | Killed a royal mummy
 25170 | Tomb:1   | Killed a royal mummy
 25170 | Tomb:1   | Killed a royal mummy
 25178 | Tomb:1   | Noticed a royal mummy
 25180 | Tomb:1   | Killed a royal mummy
 25189 | Tomb:1   | Noticed a royal mummy
 25189 | Tomb:1   | Noticed a royal mummy
 25190 | Tomb:1   | Noticed a royal mummy
 25192 | Tomb:1   | Killed a royal mummy
 25192 | Tomb:1   | Killed a royal mummy
 25192 | Tomb:1   | Noticed a royal mummy
 25193 | Tomb:1   | Killed a royal mummy
 25194 | Tomb:1   | Noticed a royal mummy
 25196 | Tomb:1   | Killed a royal mummy
 25196 | Tomb:1   | Killed a royal mummy
 25196 | Tomb:1   | Noticed a royal mummy
 25198 | Tomb:1   | Killed a royal mummy
 25198 | Tomb:1   | Noticed a royal mummy
 25202 | Tomb:1   | Killed a royal mummy
 25219 | Tomb:1   | Noticed a royal mummy
 25220 | Tomb:1   | Noticed a royal mummy
 25220 | Tomb:1   | Noticed a royal mummy
 25222 | Tomb:1   | Killed a royal mummy
 25223 | Tomb:1   | Killed a royal mummy
 25223 | Tomb:1   | Killed a royal mummy
 25239 | Tomb:1   | Noticed a royal mummy
 25241 | Tomb:1   | Killed a royal mummy
 25309 | Tomb:2   | Noticed a royal mummy
 25310 | Tomb:2   | Noticed a royal mummy
 25311 | Tomb:2   | Killed a royal mummy
 25312 | Tomb:2   | Killed a royal mummy
 25317 | Tomb:2   | Noticed a royal mummy
 25320 | Tomb:2   | Killed a royal mummy
 25322 | Tomb:2   | Noticed a royal mummy
 25326 | Tomb:2   | Killed a royal mummy
 25353 | Tomb:2   | Identified the ring of Insomnia {rN+ Str+3}
 25374 | Tomb:3   | Entered Level 3 of the Tomb of the Ancients
 25386 | Tomb:3   | Reached skill level 27 in Earth Magic
 25391 | Tomb:3   | Noticed a royal mummy
 25392 | Tomb:3   | Noticed a royal mummy
 25392 | Tomb:3   | Noticed a royal mummy
 25392 | Tomb:3   | Noticed a royal mummy
 25393 | Tomb:3   | Noticed a royal mummy
 25393 | Tomb:3   | Noticed a royal mummy
 25394 | Tomb:3   | Killed a royal mummy
 25394 | Tomb:3   | Killed a royal mummy
 25394 | Tomb:3   | Killed a royal mummy
 25394 | Tomb:3   | Noticed a royal mummy
 25395 | Tomb:3   | Killed a royal mummy
 25395 | Tomb:3   | Noticed a royal mummy
 25395 | Tomb:3   | Noticed a royal mummy
 25396 | Tomb:3   | Killed a royal mummy
 25397 | Tomb:3   | Killed a royal mummy
 25397 | Tomb:3   | Killed a royal mummy
 25398 | Tomb:3   | Killed a royal mummy
 25398 | Tomb:3   | Killed a royal mummy
 25424 | Tomb:3   | Got a golden rune of Zot
 25443 | Tomb:3   | Found the +8 trishula "Condemnation" {holy, anguish, *Noise
                  | Fly rN+}
 25447 | Tomb:3   | Found the +7 great mace "Firestarter" {flame, immolate,
                  | rFlCloud rF++}
 25448 | Tomb:3   | Found the Hermit's Pendant {Faith Invo=14 Evo=0 MP+5}
 25457 | Tomb:3   | Identified the staff of poison "Zizxett" {rPois Str+3}
 25458 | Tomb:3   | Identified the staff of earth "Muzahaf" {Dex+3}
 25461 | Tomb:3   | Identified the +6 mace of Drought {vamp, rElec rF- rN+}
 25472 | Tomb:3   | Identified the +1 robe of Mezcal {rElec rPois rF+ Str-4}
 25508 | Tomb:3   | Acquired a manual of Fighting
 25569 | Tomb:1   | Noticed a royal mummy
 25573 | Tomb:1   | Killed a royal mummy
 25573 | Tomb:1   | Noticed a royal mummy
 25576 | Tomb:1   | Killed a royal mummy
 25786 | Hell     | Entered the Vestibule of Hell
 25786 | Hell     | Noticed Geryon
 25792 | Hell     | Killed Geryon
 25842 | Hell     | Found a gateway to the decaying netherworld of Tartarus.
 25861 | Tar:1    | Entered Level 1 of Tartarus
 26485 | Tar:7    | Entered Level 7 of Tartarus
 26619 | Tar:7    | Noticed Ereshkigal
 26631 | Zig:1    | Entered Level 1 of a ziggurat
 26682 | Tar:7    | Killed Ereshkigal
 26696 | Tar:7    | Got a bone rune of Zot
 26833 | Tar:7    | Reached skill level 27 in Fighting
 26899 | Hell     | Reached skill level 1 in Stealth
 26914 | Hell     | Found a gateway to the freezing wastes of Cocytus.
 26942 | Coc:1    | Entered Level 1 of Cocytus
 27102 | Coc:3    | Reached skill level 5 in Stealth
 27151 | Coc:3    | You fall into a shaft and drop 2 floors!
 27151 | Coc:5    | You fall into a shaft and drop 1 floor!
 27176 | Coc:6    | Paralysed by a wendigo for 1 turns
 27224 | Coc:7    | Entered Level 7 of Cocytus
 27229 | Coc:7    | Reached skill level 5 in Short Blades
 27410 | Coc:7    | Identified the ring "Ekluodd" {rF+ rN+ Dex+3}
 27410 | Coc:7    | Noticed Antaeus
 27430 | Coc:7    | HP: 8/199 [Antaeus/icy flash freeze (34)]
 27431 | Coc:7    | Killed Antaeus
 27432 | Coc:7    | Reached skill level 10 in Stealth
 27679 | Coc:7    | Got an icy rune of Zot
 27758 | Hell     | Found a gateway to the ashen valley of Gehenna.
 27785 | Geh:1    | Entered Level 1 of Gehenna
 27866 | Geh:1    | Found a runed translucent gate.
 27866 | Geh:1    | Found a runed translucent gate.
 27866 | Geh:1    | Found a runed translucent gate.
 27866 | Geh:1    | Found a runed translucent gate.
 27866 | Geh:1    | Found a runed translucent gate.
 27867 | Geh:1    | Found a runed translucent gate.
 27867 | Geh:1    | Found a runed translucent gate.
 27869 | Geh:1    | Found a runed translucent gate.
 27869 | Geh:1    | Found a runed translucent gate.
 27870 | Geh:1    | Found a runed translucent gate.
 27870 | Geh:1    | Found a runed translucent gate.
 27870 | Geh:1    | Found a runed translucent gate.
 27948 | Geh:2    | You fall into a shaft and drop 1 floor!
 28258 | Geh:7    | Entered Level 7 of Gehenna
 28309 | Geh:7    | Reached skill level 15 in Stealth
 28447 | Geh:7    | Found the +13 sceptre of Asmodeus
 28447 | Geh:7    | Noticed Asmodeus
 28454 | Geh:7    | Killed Asmodeus
 28465 | Geh:7    | Got an obsidian rune of Zot
 28470 | Geh:7    | Identified the staff of cold "Ixagh" {rElec rC+ rN+ Dex+5
                  | Stlth-}
 28542 | Geh:7    | Noticed a dread lich
 28545 | Geh:7    | Killed a dread lich
 28579 | Hell     | Found a gateway to the Iron City of Dis.
 28590 | Dis:1    | Entered Level 1 of the Iron City of Dis
 28647 | Hell     | Learned a level 8 spell: Lehudib's Crystal Spear
 28712 | Dis:1    | Noticed a royal mummy
 28712 | Dis:1    | Noticed a royal mummy
 28712 | Dis:1    | Noticed a royal mummy
 28714 | Dis:1    | Killed a royal mummy
 28714 | Dis:1    | Killed a royal mummy
 28714 | Dis:1    | Killed a royal mummy
 28714 | Dis:1    | Noticed a dread lich
 28714 | Dis:1    | Noticed an ancient lich
 28714 | Dis:1    | Noticed a royal mummy
 28714 | Dis:1    | Noticed a royal mummy
 28715 | Dis:1    | Killed a dread lich
 28715 | Dis:1    | Killed an ancient lich
 28715 | Dis:1    | Noticed a royal mummy
 28717 | Dis:1    | Reached skill level 10 in Shields
 28717 | Dis:1    | Killed a royal mummy
 28717 | Dis:1    | Killed a royal mummy
 28718 | Dis:1    | Killed a royal mummy
 28753 | Dis:2    | Reached skill level 15 in Dodging
 28781 | Dis:3    | Reached skill level 10 in Armour
 29086 | Dis:6    | Noticed a dread lich
 29088 | Dis:6    | Killed a dread lich
 29138 | Dis:7    | Entered Level 7 of the Iron City of Dis
 29266 | Dis:7    | Noticed Dispater
 29273 | Dis:7    | Killed Dispater
 29291 | Dis:7    | Got an iron rune of Zot
 29416 | Depths:4 | Found a gate to the Realm of Zot.
 29448 | Zot:1    | Entered Level 1 of the Realm of Zot
 29480 | Zot:2    | Found the +4 dragonskin cloak
 29480 | Zot:2    | Noticed Tiamat
 29486 | Zot:2    | Killed Tiamat
 29680 | Zot:5    | Entered Level 5 of the Realm of Zot
 29791 | Zot:5    | Noticed a dread lich
 29794 | Zot:5    | Killed a dread lich
 29798 | Zot:5    | Noticed an orb of fire
 29803 | Zot:5    | Killed an orb of fire
 29803 | Zot:5    | Noticed an orb of fire
 29806 | Zot:5    | Killed an orb of fire
 29807 | Zot:5    | Noticed an ancient lich
 29807 | Zot:5    | Noticed a dread lich
 29808 | Zot:5    | Killed an ancient lich
 29809 | Zot:5    | Killed a dread lich
 29812 | Zot:5    | Noticed a dread lich
 29813 | Zot:5    | Killed a dread lich
 29836 | Zot:5    | Noticed an orb of fire
 29846 | Zot:5    | Killed an orb of fire
 29850 | Zot:5    | Noticed an ancient lich
 29852 | Zot:5    | Killed an ancient lich
 29871 | Zot:5    | Noticed an ancient lich
 29874 | Zot:5    | Killed an ancient lich
 29900 | Zot:5    | Got the Orb of Zot
 29913 | Zot:5    | Noticed an ancient lich
 29915 | Zot:5    | Killed an ancient lich
 29919 | Zot:5    | Noticed an orb of fire
 29923 | Zot:5    | Killed an orb of fire
 29928 | Zot:5    | Noticed Xejar the pandemonium lord
 29932 | Zot:5    | Killed Xejar the pandemonium lord
 29964 | Zot:5    | Noticed Vauju the pandemonium lord
 29969 | Zot:5    | Killed Vauju the pandemonium lord
 29973 | Zot:5    | Noticed Myasouck the pandemonium lord
 29983 | Zot:5    | Noticed Janyaruh the pandemonium lord
 30093 | Depths:4 | Noticed Lexah the pandemonium lord
 30095 | Depths:4 | Killed Lexah the pandemonium lord
 30102 | Depths:4 | Noticed Nybroyr the pandemonium lord
 30340 | D:3      | Noticed Ysuga the pandemonium lord
 30468 | D:$      | Escaped with the Orb!

Illustrated notes

Levels and vault maps discovered:
D:1:      eino_arrival_water_cross, layout_basic, minmay_hexomino_r4
D:2:      layout_basic, serial_curves, eino_curves_04, eino_curves_02,
          eino_curves_03
D:3:      layout_basic, grunt_decor_cap, amethyst_killhole,
          minmay_parallelograms, minmay_ruptured, uniq_sigmund, uniq_ijyb
D:4:      layout_layer_cave, nicolae_dithmenos_through_a_glass_darkly,
          uniq_blork_the_orc, uniq_duvessa
D:5:      layout_layer_cave, mainiacjoe_overflow_boulevard,
          grunt_temple_overflow_open, gammafunk_ghost_split, serial_shops,
          nicolae_shop_tiny_statue_garden, shop, nicolae_shop_behind_doors,
          nicolae_take_the_stairs, shop
D:6:      kennysheep_six_static_rooms, layout_loops_cross,
          kennysheep_nondescript, grunt_ministairs_13
D:7:      layout_rooms, minmay_temple_entry_offerings, hex_intersection,
          uniq_menkaure
D:8:      layout_basic, dpeg_lair_monsters
D:9:      layout_cave_pools, serial_gnoll_camp, gnoll_camp_mini_basic,
          gnoll_camp_huts_moat, gnoll_camp_mini_house, gnoll_camp_mini_shop,
          gnoll_camp_mini_shop, gnoll_camp_mini_shop,
          minmay_misc_feat_more_columns, kennysheep_generic_room_2, uniq_erica
D:10:     layout_stronghold, unseen_surprise_small
D:11:     layout_irregular_city, david_orc_1_choice
D:12:     regret_index_wax_grids, layout_loops_ring, serial_shops, shop,
          nicolae_shop_statue_plus, uniq_lodul
D:13:     layout_stronghold, nzn_ghost_randoct, serial_shops, shop, uniq_kirke
D:14:     minmay_smoke_and_mirrors, layout_irregular_city,
          hangedman_vaults_entry_quadrant_bands, minmay_nine_imps
D:15:     hangedman_depths_entry_civil_slaughter, layout_loops_ring,
          pdpol_wu_jian_five_deadly_venoms, nicolae_figureground_pulse
Temple:   minmay_temple_bridge_d
Lair:1:   layout_gridlike
Lair:2:   layout_gridlike, minmay_swamp_entry_worms
Lair:3:   layout_gridlike, spider_nest_entry_webs,
          cheibrodos_lair_caveside_slide
Lair:4:   beast_lair_carwin_large_2, layout_regular_city, slime_entry_1,
          pdpol_lair_cavern_descent, infiniplex_staircase_pool, uniq_sonja,
          uniq_urug
Lair:5:   due_jungle_book, layout_misc_corridors, serial_bayou_ford_a,
          serial_bayou_shore_b
Swamp:1:  layout_basic_swamp, evilmike_swamp_ruin_rubble_2
Swamp:2:  layout_basic_swamp, hangedman_swamp_ruin_hall
Swamp:3:  layout_basic_swamp, hangedman_swamp_blocks, swamp_pool2,
          beargit_elvish_explorers
Swamp:4:  swamp_old_school, layout_basic_swamp
Spider:1: layout_spider_delve
Spider:2: layout_spider_delve, nicolae_spider_some_kinda_spiderbox, uniq_arachne
Spider:3: layout_spider_delve
Spider:4: grunt_spider_rune_island, ebering_ghost_inner_flame
Slime:1:  layout_caves
Slime:2:  layout_caves, special_room [special_room_jelly]
Slime:3:  layout_caves
Slime:4:  layout_caves
Slime:5
Orc:1:    layout_caves
Orc:2:    st_orc_elflike, layout_caves, mines5_lemuel, uniq_saint_roka,
          uniq_maurice, uniq_donald
Elf:1:    eino_elf_arrival_the_gate, layout_loops_corners, basic_altar,
          portal_ice_cave_entry_dragon, hangedman_elf_represent,
          minmay_misc_feat_five, uniq_asterion
Elf:2:    nicolae_elf_blades_crystal_corner, layout_gridlike, serial_shops,
          shop, uniq_zenata
Elf:3:    grunt_elf_hall_diamonds, layout_gridlike, uniq_aizul
Vaults:1: advil_vaults_ghost_lines, nicolae_vaults_cornered_office,
          grunt_vaults_bifocal, vaults_room_pool, nicolae_vaults_wine_cellar,
          nicolae_vaults_stairing_the_circle, nicolae_vaults_house_3, v_misc_14,
          nicolae_vaults_double_plus_1, nicolae_vaults_little_squares_6,
          nicolae_vaults_security_offices_3, layout_vaults_quadrants
Vaults:2: grunt_vaults_hallway_short, nicolae_vaults_apartment_2,
          nicolae_vaults_big_angled_halls, v_alt_pattern_2,
          grunt_vaults_hallway_short, grunt_tower_of_power, v_misc_31,
          ontoclasm_vaults_loading_screen, hangedman_vaults_stagger, v_rooms_1,
          minmay_crypt_entry_skeletal_spiral, layout_vaults_omnibox,
          serial_shops, nicolae_shop_tiny_glass
Vaults:3: nicolae_vaults_stepped_doors, v_misc_24, v_misc_25,
          nicolae_vaults_sesquioval_fish, v_misc_33,
          nicolae_vaults_more_shelving_2, grunt_vaults_hallway_short,
          ontoclasm_vaults_loading_screen, nicolae_vaults_house_3,
          vaults_dpeg_hooks, layout_vaults_big_room
Vaults:4: dpeg_vaults_monster_box, ontoclasm_vaults_spin,
          nicolae_vaults_sesquioval_fish, hangedman_vaults_river_flow,
          nicolae_vaults_trapezoid_3, v_pattern_3,
          dpeg_vaults_pockets_of_resistance, nicolae_vaults_little_squares_6,
          vaults_mumra_minichess, vaults_room_semicircle,
          nicolae_vaults_tangram_2, vaults_room_pools, layout_vaults_ring,
          serial_shops, nicolae_shop_trees
Vaults:5
Crypt:1:  layout_misc_corridors, pandoras_box_mu,
          grunt_crypt_arrival_guarded_gate
Crypt:2:  minmay_shadows, layout_basic, mu_enter_wizlab_4,
          hangedman_summoners_spam, uniq_frederick, uniq_khufu, uniq_margery
Crypt:3:  david_glass_crypt, layout_misc_corridors, tomb_entry_shell_bobbens,
          chequers_hall_statues_corner_a, grunt_ministairs_1, uniq_josephina
Tomb:1
Tomb:2
Tomb:3
Depths:1: gammafunk_sealed_arena, layout_cave_pools, nicolae_hexahallways,
          hangedman_coc_ice_floe, abyss_entry_crystal, pan_entry,
          nrook_campfire, bh_walls_and_bars, uniq_bai_suzhen
Depths:2: kennysheep_blocky_hall, layout_gridlike, lightli_too_deep,
          rand_demon_pan_entry_5, nicolae_titane
Depths:3: nicolae_hexawheel, layout_gridlike, chequers_serial_rivers_micro_a,
          hell_entry, abyss_entry, serial_shops, shop, minmay_shop_grove
Depths:4: grunt_zot_entry_bicorn, layout_cave_pools, enter_ziggurat_e,
          abyss_entry_flame_altar, rand_demon_pan_entry_9, hell_entry,
          hangedman_glass_teeth, uniq_jory
Hell
Dis:1:    layout_gridville, lemuel_mystery_crypt
Dis:2:    layout_regular_city
Dis:3:    layout_gridville
Dis:4:    layout_regular_city
Dis:5:    layout_gridville
Dis:6:    layout_overlapping_boxes, serial_glass, glass_columns_a,
          glass_columns_b, glass_columns_a, glass_columns_a
Dis:7:    iron_city_of_dis [dis_old, dis_wall_6], layout_gridville
Geh:1:    nicolae_geh_split_lavaduct, layout_gehenna_pools_basic,
          nicolae_geh_backdraft
Geh:2:    layout_gehenna_pools_basic
Geh:3:    nicolae_geh_gridlava [nicolae_sub_geh_gridintersect,
          nicolae_sub_geh_gridintersect, nicolae_sub_geh_gridintersect,
          nicolae_sub_geh_gridintersect], layout_gehenna_pools_basic,
          nicolae_geh_lava_in_the_way
Geh:4:    layout_gehenna_pools_triple
Geh:5:    layout_gehenna_pools_triple
Geh:6:    layout_gehenna_lava_caves
Geh:7:    geh_grunt_pentagon
Coc:1:    layout_cocytus_water_paths
Coc:2:    layout_ice_bergs, nicolae_hells_hurtin_island
Coc:3:    layout_ice_bergs, nicolae_hells_seeping_fissure
Coc:4:    layout_cocytus_water_paths
Coc:5:    layout_ice_bergs
Coc:6:    layout_ice_bergs
Coc:7:    coc_old
Tar:1:    layout_cathedral_of_symmetry, nicolae_tar_cuneiform_three
Tar:2:    layout_catacombs
Tar:3:    layout_honeycomb
Tar:4:    layout_catacombs, nicolae_tar_cuneiform_sun
Tar:5:    layout_grid_maze, lemuel_nasty_fountain
Tar:6:    layout_honeycomb, nicolae_tar_cuneiform_water
Tar:7:    tar_mu [tar_mu_maze]
Zot:1:    layout_twisted_circle, grunt_ministairs_9
Zot:2:    layout_onion, lemuel_golem_globe, uniq_grunn, uniq_tiamat
Zot:3:    layout_misc_corridors, grunt_megastairs_4
Zot:4:    layout_gridlike, st_small_dragon_hoard_5, hangedman_snake_sidewinding
Zot:5:    layout_misc_corridors

Skill      XL: |  1  2  3  4  5  6  7  8  9 10 11 12 13 14 15 16 17 18 19 20 21 22 23 24 25 26 27 |
---------------+----------------------------------------------------------------------------------+-----
Translocations | 1 2 3 |  3.0
Fighting       | 2 3 4 6 8 10 12 13 27 | 27.0
Spellcasting   | 4 5 7 8 10 11 12 14 15 17 18 20 21 22 24 25 27 | 27.0
Conjurations   | 4 5 6 7 9 11 12 13 14 15 16 18 19 20 22 25 | 25.5
Hexes          | 2 3 |  3.0
Fire Magic     | 4 7 9 10 12 13 15 17 18 19 21 22 | 22.0
Earth Magic    | 4 27 | 27.0
Shields        | 3 5 6 12 | 12.0
Air Magic      | 3 5 6 12 18 | 18.0
Necromancy     | 4 8 12 15 16 17 18 | 18.0
Dodging        | 3 5 10 20 | 20.3
Armour         | 1 3 5 14 | 14.1
Transmutations | 8 11 12 | 12.0
Stealth        | 20 | 20.0
Short Blades   | 8 |  8.0

Action                     |  1- 3 |  4- 6 |  7- 9 | 10-12 | 13-15 | 16-18 | 19-21 | 22-24 | 25-27 || total
---------------------------+-------+-------+-------+-------+-------+-------+-------+-------+-------++-------
  Melee: Short sword       |   120 |    67 |    28 |       |       |       |       |       |       ||   215
         Punch             |     1 |       |     3 |       |       |       |       |       |       ||     4
         Dagger            |       |       |    72 |    43 |    17 |       |       |       |       ||   132
         Staff             |       |       |       |    18 |    11 |     2 |       |       |     2 ||    33
  Throw: Throwing net      |       |     2 |       |       |       |       |       |       |       ||     2
         Dart              |       |       |       |     1 |     5 |       |       |       |       ||     6
   Cast: Kiss of Death     |     1 |     3 |     1 |       |       |       |       |       |       ||     5
         Momentum Strike   |     2 |     9 |    27 |    21 |    21 |     1 |       |       |       ||    81
         Hailstorm         |       |     6 |     8 |       |       |       |       |       |       ||    14
         Fulminant Prism   |       |       |    33 |   101 |   229 |    22 |       |       |       ||   385
         Iskenderun's Myst |       |       |    18 |    49 |   133 |    72 |    21 |     3 |    88 ||   384
         Sublimation of Bl |       |       |       |     3 |    17 |    45 |    52 |     8 |   231 ||   356
         Flame Wave        |       |       |       |     2 |     2 |       |       |       |       ||     4
         Plasma Beam       |       |       |       |       |    50 |    26 |     7 |     1 |       ||    84
         Freezing Cloud    |       |       |       |       |     5 |    16 |       |       |       ||    21
         Iron Shot         |       |       |       |       |     1 |   265 |    13 |     4 |   138 ||   421
         Starburst         |       |       |       |       |       |    19 |       |       |       ||    19
         Ignition          |       |       |       |       |       |    46 |    14 |     6 |     9 ||    75
         Orb of Destructio |       |       |       |       |       |     1 |       |       |       ||     1
         Fire Storm        |       |       |       |       |       |     6 |   244 |    49 |   647 ||   946
         Necromutation     |       |       |       |       |       |       |       |     2 |    61 ||    63
         Chain Lightning   |       |       |       |       |       |       |       |       |   249 ||   249
         Shatter           |       |       |       |       |       |       |       |       |   391 ||   391
         Lehudib's Crystal |       |       |       |       |       |       |       |       |    18 ||    18
Ability: End Transformatio |       |       |       |       |       |       |       |     2 |    39 ||    41
  Evoke: Wand              |       |     2 |       |     6 |    24 |       |     1 |       |     6 ||    39
         Phial of floods   |       |       |       |       |     1 |       |       |       |       ||     1
         Figurine of a zig |       |       |       |       |       |       |       |       |     1 ||     1
    Use: Scroll            |       |     6 |    16 |    10 |     5 |    12 |     4 |    10 |    23 ||    86
         Potion            |       |     1 |       |     1 |     6 |    17 |       |     3 |    34 ||    62
   Stab: Held in net/web   |       |     2 |       |       |       |       |       |       |       ||     2
         Sleeping          |       |     2 |       |       |       |       |       |       |       ||     2
         Paralysed         |       |       |       |     2 |       |       |       |       |       ||     2
 Armour: Leather armour    |    31 |     7 |       |       |       |    12 |       |       |       ||    50
         Skin              |       |     6 |       |       |       |       |       |       |       ||     6
         Robe              |       |     1 |    43 |    60 |    52 |       |       |       |       ||   156
         Troll leather arm |       |       |       |       |       |     1 |       |       |    99 ||   100
  Dodge: Dodged            |    64 |    27 |    90 |   153 |   142 |    35 |     6 |     3 |   147 ||   667
  Block: Buckler           |       |       |       |    12 |    73 |    44 |     5 |     5 |   122 ||   261
         Reflection        |       |       |       |       |    11 |    26 |     3 |     3 |    63 ||   106
